 Dungeon Crawl Stone Soup version 0.17.1-2-g5865329 (webtiles) character file.

14 Atheist the Magician (level 2, 0/19 HPs)
             Began as a Human Wanderer on Jan 21, 2016.
             Slain by a jackal (2 damage)
             ... on level 1 of the Dungeon.
             The game lasted 00:03:18 (775 turns).

Atheist the Magician (Human Wanderer)                Turns: 775, Time: 00:03:18

Health: 0/19       AC:  2    Str: 11    XL:     2   Next: 60%
Magic:  1/6        EV: 11    Int: 12    God:
Gold:   22         SH:  0    Dex: 13    Spells: 4 memorised, 0 levels left

rFire  . . .     SeeInvis .     j - +0 short sword
rCold  . . .     Clarity  .     d - +0 robe
rNeg   . . .     SustAt   .     (no shield)
rPois  .         Gourm    .     (no helmet)
rElec  .         Spirit   .     (no cloak)
rCorr  .         Warding  .     (no gloves)
rMut   .         Stasis   .     (no boots)
MR     .....                    (no amulet)
Stlth  ++........               (no ring)
                                (no ring)

@: flying, very slightly contaminated, repel missiles, invisible, not resistant
to hostile enchantments, unstealthy
A: no striking features
a: no special abilities


You were on level 1 of the Dungeon.
You were not hungry.

You visited 1 branch of the dungeon, and saw 1 of its levels.

You collected 22 gold pieces.

Inventory:

Hand Weapons
 e - a +0 dagger
 j - a +0 short sword (weapon)
Missiles
 h - 17 stones (quivered)
Armour
 d - a +0 robe (worn)
Scrolls
 k - a scroll of blinking {unknown}
 m - a scroll of identify {unknown}
 o - a scroll of enchant armour {unknown}
Potions
 c - a potion of lignification
Books
 a - a book of Minor Magic

   Spells                             Type                      Level
   a - Magic Dart                     Conjuration                  1
   b - Blink                          Translocation                2
   c - Call Imp                       Summoning                    2
   d - Repel Missiles                 Charms/Air                   2
   e - Slow                           Hexes                        2
   f - Conjure Flame                  Conjuration/Fire             3
   g - Mephitic Cloud                 Conjuration/Poison/Air       3
 b - Jiefypt's Papyrus of Battle Magic and Lightness

   Spells                             Type                      Level
   a - Shock                          Conjuration/Air              1
   b - Static Discharge               Conjuration/Air              3
Comestibles
 f - a bread ration
 g - a beef jerky
 n - 3 chunks of flesh


   Skills:
 - Level 2.0 Stealth
 * Level 1.4 Unarmed Combat
 - Level 3.0 Spellcasting
 + Level 0.4 Conjurations
 * Level 0.4 Summonings
   Level 1.0 Necromancy
 - Level 2.0 Translocations
 + Level 2.2 Air Magic


You couldn't memorise any spells.
You knew the following spells:

 Your Spells              Type           Power        Failure   Level  Hunger
a - Shock                 Conj/Air       #...         14%         1    #......
b - Call Imp              Summ           #.......     34%         2    ###....
c - Blink                 Tloc           N/A          17%         2    ###....
d - Repel Missiles        Chrm/Air       #.....       28%         2    ###....


Dungeon Overview and Level Annotations

Branches:
Dungeon (1/15)

Altars:


Message History

The jackal bites you.
You barely miss the jackal.
The jackal is lightly wounded.
The jackal bites you.
* * * LOW HITPOINT WARNING * * *
The jackal bites you.
* * * LOW HITPOINT WARNING * * *
You are too injured to fight recklessly!
You are too injured to fight recklessly!
Drink which item? (? for menu, Esc to quit)
It was a potion of invisibility.
You fade into invisibility!
The jackal closely misses you.
Drink which item? (? for menu, Esc to quit)
Okay, then.
Drink which item? (? for menu, Esc to quit)
It was a potion of flight.
You feel very buoyant.
You fly up into the air.
The jackal bites you.
You die...

## ...........#
#..###...## #
...........## #..#.##..##
# ).........r.#
#..##.##.)#
.....r....#.###...##)...#
..#
..........#..##....#...##
##.
..........##.##.......##
..##########..#..##..##
#######.#..######..
#.@hh.†..>.........
#.#####......#####. #.
######## #. #. #. #. #.


You could see 2 jackals.

Vanquished Creatures
  A ball python (D:1)
  3 giant cockroaches (D:1)
  3 goblins (D:1)
  A hobgoblin (D:1)
  A kobold (D:1)
  4 rats (D:1)
13 creatures vanquished.

Notes
Turn   | Place    | Note
--------------------------------------------------------------
     0 | D:1      | Atheist the Human Wanderer began the quest for the Orb.
     0 | D:1      | Atheist set off with: a book of Minor Magic, Jiefypt's Papyrus of Battle Magic and Lightness, a potion of lignification, a +0 robe, a +0 dagger, a bread ration
     0 | D:1      | Reached XP level 1. HP: 13/13 MP: 4/4
     0 | D:1      | Identified Jiefypt's Papyrus of Battle Magic and Lightness
     2 | D:1      | Learned a level 1 spell: Shock
   244 | D:1      | Reached skill level 1 in Unarmed Combat
   244 | D:1      | Reached XP level 2. HP: 17/19 MP: 6/6
   248 | D:1      | Learned a level 2 spell: Call Imp
   251 | D:1      | Learned a level 2 spell: Blink
   254 | D:1      | Learned a level 2 spell: Repel Missiles
   775 | D:1      | Slain by a jackal

Action                   || total
-------------------------++-------
Melee: Dagger            ||    48
       Short sword       ||    19
 Cast: Shock             ||     5
       Repel Missiles    ||     1
  Use: Potion            ||     2
 Stab: Sleeping          ||     3
